[Event "GrandPrix_30.05"]
[Site "Chess.com"]
[Date "2020.05.30"]
[Round "5"]
[White "BogdanDeac"]
[Black "GeorgMeier"]
[Result "1/2-1/2"]
[WhiteElo "2554"]
[BlackElo "2649"]
[TimeControl "600+2"]
[EndTime "10:27:23 PDT"]
[Termination "Game drawn by repetition"]

1. Nf3 d5 2. d4 Nf6 3. c4 e6 4. Nc3 Be7 5. Bf4 O-O 6. e3 Nbd7 7. Be2 dxc4 8. O-O Nd5 9. Bxc4 Nxf4 10. exf4 Nf6 11.
Ne5 Bb4 12. Qb3 Bxc3 13. bxc3 g6 14. Be2 Nd5 15. g3 f6 16. Nd3 b6 17. Bf3 Rb8 18. Rfe1 Ne7 19. Rad1 Bd7 20. Bg4 Nf5 21. Bxf5 gxf5 22. d5 exd5 23. Qxd5+ Rf7 24. Nb4 Qf8 25. Nc6 Re8 26. Nd4 Rxe1+ 27. Rxe1 Qd6 28. Qxd6 cxd6 29. Kf1 Rf8 30. Re7 Rf7 31. Re3 Rf8 32. Re7 Rf7 33. Rxf7 Kxf7 34. Ke2 Ke7 35. Kd3 Be6 36. Nc6+ Kd7 37.
Nxa7 Bxa2 38. Nb5 Kc6 39. Nd4+ Kd5 40. f3 Bb1+ 41. Kd2 Kc4 42. h4 b5 43. Nc6 d5 44.
Na5+ Kc5 45. Nb3+ Kc4 46. Na5+ Kc5 47. Nb3+ Kc4 48. Na5+ 1/2-1/2

[Event "GrandPrix_30.05"]
[Site "Chess.com"]
[Date "2020.05.30"]
[Round "5"]
[White "GMStefanova"]
[Black "Igrok3069"]
[Result "1/2-1/2"]
[WhiteElo "2343"]
[BlackElo "2545"]
[TimeControl "600+2"]
[EndTime "10:27:24 PDT"]
[Termination "Game drawn by repetition"]

1. d4 d5 2. Bf4 c5 3. e3 cxd4 4.
exd4 Nc6 5. c3 Bf5 6. Nd2 e6 7.
Ngf3 Bd6 8. Bg3 Nge7 9. Nh4 O-O 10. Nxf5 Nxf5 11. Bd3 Nce7 12. O-O Qb6 13. Rb1 Qc7 14.
Re1 Rab8 15. a4 a6 16. Qe2 Rbe8 17. Nf3 h6 18. Ra1 Qd7 19. Ne5 Qc7 20. Qh5 g6 21. Qe2 Nxg3 22. hxg3 h5 23. g4 hxg4 24. Qxg4 Bxe5 25.
Rxe5 Kg7 26. Rae1 Rh8 27. f4 Ref8 28. Kf2 Rh6 29. f5 Nc6 30. R5e3 exf5 31. Bxf5 Rfh8 32. Bd3 Rh4 33. Qg5 R8h5 34. Qg3 Rf4+ 35. Ke2 Rhh4 36. Kd2 Rhg4 37. Qh3 Rh4 38. Qg3 Qa5 39. Kc1 Qxa4 40. Kb1 Qa5 41. Bc2 Qd8 42. Re8 Qf6 43.
Ka2 Rhg4 44. Qh3 Rh4 45. Qg3 Rhg4 46. Qh3 Rh4 47. Qg3 1/2-1/2

[Event "GrandPrix_30.05"]
[Site "Chess.com"]
[Date "2020.05.30"]
[Round "5"]
[White "LazovT"]
[Black "Igor_Lysyj"]
[Result "1-0"]
[WhiteElo "2286"]
[BlackElo "2418"]
[TimeControl "600+2"]
[EndTime "10:27:26 PDT"]
[Termination "LazovT won by resignation"]

1. e4 e5 2. Nf3 Nc6 3. Bc4 Bc5 4.
c3 Nf6 5. d3 a6 6. a4 Ba7 7.
Bg5 h6 8. Bh4 d6 9. Nbd2 g5 10.
Bg3 Qe7 11. h3 Nh5 12. Bh2 Nf4 13. Bxf4 gxf4 14. O-O Qf6 15. Kh2 Ne7 16. Qe2 h5 17.
b4 Bd7 18. b5 axb5 19. axb5 O-O 20. Ra2 Bb6 21. Rfa1 Rxa2 22. Rxa2 Ng6 23. d4 Kg7 24.
Bd5 exd4 25. cxd4 Bxd4 26. Nxd4 Qxd4 27. Bxb7 Rb8 28. Bc6 Bxc6 29. bxc6 Qc5 30. Nf3 Rb1 31. Rc2 Qa5 32. Nd2 Qe5 33. Qf3 Re1 34. Nc4 Qd4 35. Nxd6 cxd6 36. c7 Ne7 37. c8=Q Nxc8 38. Rxc8 Qe5 39. Rc4 Kg6 40. Ra4 Qb5 41. Rd4 Qb1 42.
Rxd6+ Kg7 43. Qxf4 Rh1+ 44. Kg3 Qb3+ 45. Kh4 Qb5 46.
Qf6+ Kh7 47. Qh6+ 1-0

[Event "GrandPrix_30.05"]
[Site "Chess.com"]
[Date "2020.05.30"]
[Round "5"]
[White "ehrenfeld"]
[Black "PresidenteMNE"]
[Result "1-0"]
[WhiteElo "2021"]
[BlackElo "2092"]
[TimeControl "600+2"]
[EndTime "10:27:26 PDT"]
[Termination "ehrenfeld won by resignation"]

1. e4 e6 2. d3 b6 3. f4 Bb7 4. Nf3 c5 5. g3 Nc6 6. Bg2 h5 7. O-O h4 8. Nxh4 Rxh4 9. gxh4 Qxh4 10. Nd2 Nf6 11. Nf3 Qh8 12. c3 Be7 13. Bd2 Nh5 14.
Qe2 O-O-O 15. a3 f6 16. b4 Rg8 17. bxc5 Bxc5+ 18. d4 Be7 19. a4 g5 20. fxg5 fxg5 21.
Ne1 g4 22. Nc2 Na5 23. Rf7 g3 24. h3 Bd8 25. Raf1 Nf6 26. Bf4 Qh4 27. Be5 Nxe4 28. R7f4 Qh6 29. Rxe4 Bxe4 30. Qxe4 d5 31. Qe2 Nc4 32. Bf4 Qg6 33. Ne3 Na5 34. Ng4 Bc7 35.
Bxc7 Kxc7 36. Qe5+ Kb7 37. Qxg3 Qc2 38. Rf7+ Ka6 39.
Qc7 Qxa4 40. Bf1+ Nc4 41. Qxa7+ Kb5 42. Qd7+ Ka5 43. Qxa4+ Kxa4 44. Bxc4 dxc4 45. Rf3 b5 46.
Kf2 Kb3 47. Ne5 b4 48. cxb4+ c3 49. b5 Rb8 50. h4 Rxb5 51. h5 Rb8 52. h6 Rh8 53.
Rh3 Kb2 54. Nd3+ Kc2 55. Ke3 Kb3 56. Ke4 c2 57. h7 Kc3 58. Ne1+ Kd2 59. Nxc2 Kxc2 60.
Ke5 Rxh7 61. Rxh7 1-0

[Event "GrandPrix_30.05"]
[Site "Chess.com"]
[Date "2020.05.30"]
[Round "5"]
[White "Keks2017"]
[Black "VerdeNotte"]
[Result "0-1"]
[WhiteElo "2362"]
[BlackElo "2672"]
[TimeControl "600+2"]
[EndTime "10:27:28 PDT"]
[Termination "VerdeNotte won by resignation"]

1. g3 g6 2. Bg2 Bg7 3. e4 c5 4. d3 Nc6 5. f4 e6 6. Nf3 Nge7 7. O-O d5 8. Qe2 O-O 9. c3 b5 10. e5 a5 11. Be3 d4 12. Bf2 a4 13. cxd4 cxd4 14.
Nbd2 Bb7 15. Ne4 Nf5 16. Nc5 Bc8 17. Ng5 Ra7 18. Ncxe6 fxe6 19. Bxc6 h6 20. Nf3 g5 21. fxg5 hxg5 22. Qe4 Rc7 23. Rac1 Rxc6 24. Qxc6 g4 25. Nh4 Bh6 26. Nxf5 Bxc1 27. Rxc1 Bd7 28. Qe4 Rxf5 29. Qxg4+ Rg5 30. Qxd4 Rg7 31. Be3 Qa8 32. Rf1 Qd5 33.
Qxd5 exd5 34. Rf6 Bg4 35. Bc5 Bh5 36. Kf2 Rg5 37. d4 Rg4 38. h3 Re4 39. g4 Bf7 40. a3 Kg7 41. Kg3 Re3+ 42. Kf4 Rxh3 43. e6 Kxf6 44.
exf7 Kxf7 45. Ke5 Rb3 46. Kxd5 Rxb2 47. g5 b4 48. Kc4 b3 49. Kb4 Rc2 50. Kxa4 b2 0-1

[Event "GrandPrix_30.05"]
[Site "Chess.com"]
[Date "2020.05.30"]
[Round "5"]
[White "Durarbayli"]
[Black "igorkovalenko"]
[Result "1-0"]
[WhiteElo "2601"]
[BlackElo "2436"]
[TimeControl "600+2"]
[EndTime "10:27:33 PDT"]
[Termination "Durarbayli won by resignation"]

1. e4 c5 2. b3 Nf6 3. e5 Nd5 4. Bb2 g6 5. Nc3 Nxc3 6. dxc3 Bg7 7. f4 O-O 8. Qd2 d6 9. O-O-O Nc6 10. exd6 exd6 11.
a3 Re8 12. h3 d5 13. Qxd5 Qc7 14. Qf3 Bf5 15. Bb5 Be4 16. Qf2 a6 17. Bxc6 Qxc6 18.
Nf3 c4 19. b4 Bxf3 20. gxf3 Qf6 21. Rd4 b5 22. Qd2 Re6 23. Kb1 Rae8 24. Bc1 Re2 25.
Qd1 Qc6 26. Rd8 Bxc3 27. Qxe2 Rxd8 28. f5 Re8 29. Qg2 Bg7 30. fxg6 hxg6 31. Bb2 Bxb2 32. Kxb2 Qf6+ 33. Ka2 Re3 34. Qd2 Rxf3 35. Re1 Kg7 36.
Re3 Rf2 37. Re2 Rf1 38. Re1 Rf5 39. Re8 Rf2 40. Re2 c3 41. Qd3 Rf4 42. Re8 Rf3 43.
Qd5 Rxh3 44. Qa8 Rh2 45. Rg8+ Kh7 46. Kb3 Qd4 47. Rc8 Qd5+ 48. Qxd5 1-0

[Event "GrandPrix_30.05"]
[Site "Chess.com"]
[Date "2020.05.30"]
[Round "5"]
[White "vpantev"]
[Black "sahidi"]
[Result "1-0"]
[WhiteElo "2609"]
[BlackElo "2216"]
[TimeControl "600+2"]
[EndTime "10:27:40 PDT"]
[Termination "vpantev won by resignation"]

1. d4 Nf6 2. Nf3 d5 3. Bf4 c5 4. e3 Nc6 5. dxc5 Bg4 6. Be2 e6 7. O-O Bxc5 8. a3 O-O 9. Nbd2 a5 10. h3 Bh5 11. Ne5 Bxe2 12. Qxe2 Bd6 13. Ndf3 Nxe5 14. Nxe5 Qc7 15. Nd3 e5 16. Bg3 Rac8 17. c3 Rfe8 18. Bh4 Ne4 19. f3 Nc5 20. Rad1 Ne6 21. Bf2 Qc4 22.
Rfe1 b5 23. e4 dxe4 24. Qxe4 Qxe4 25. fxe4 f6 26. Be3 Be7 27. Kf1 Kf7 28. Nf2 a4 29. Rd5 Nc7 30. Rd3 Red8 31. Red1 Rxd3 32. Rxd3 Ke6 33.
Ke2 Na6 34. Rd5 Nc7 35. Rd1 Bd6 36. Nd3 Na6 37. g4 Rc4 38. Kf3 Nc7 39. Bd2 Ke7 40. Nb4 Bxb4 41. axb4 Ne6 42. h4 Rc6 43. Be1 Rd6 44. Rxd6 Kxd6 45. Bd2 g6 46. Ke3 h5 47. gxh5 gxh5 48. Kd3 Kc6 49. c4 Nd4 50. Bh6 f5 51. c5 f4 52. Bxf4 Ne6 53. Bg3 Nf8 54. Bxe5 Ng6 55. Bg3 Kd7 56. Kd4 Ke6 57. c6 Ne7 58.
Kc5 a3 59. bxa3 1-0

[Event "GrandPrix_30.05"]
[Site "Chess.com"]
[Date "2020.05.30"]
[Round "5"]
[White "Alex_Krayz"]
[Black "ninullia"]
[Result "1-0"]
[WhiteElo "2203"]
[BlackElo "2240"]
[TimeControl "600+2"]
[EndTime "10:27:41 PDT"]
[Termination "Alex_Krayz won on time"]

1. e4 e5 2. Nf3 Nc6 3. Bb5 a6 4. Ba4 Nf6 5. Qe2 b5 6. Bb3 Be7 7.
c3 d6 8. O-O O-O 9. Rd1 Bg4 10.
h3 Bh5 11. d3 Kh8 12. Nbd2 Nd7 13. Nf1 Na5 14. Bc2 f6 15. Ng3 Bf7 16. b4 Nc6 17.
Bb3 a5 18. Bxf7 Rxf7 19. c4 bxc4 20. b5 cxd3 21. Qxd3 Na7 22. Be3 Bf8 23. Qd5 Kg8 24.
Rac1 Qb8 25. a4 Nc8 26. Rxc7 Qxc7 27. Qxa8 g6 28. Rc1 Nc5 29. Bd2 Nb6 30. Qxa5 Nbxa4 31. Qa8 Qb7 32. Qxb7 Rxb7 33. Rb1 Kf7 34. Ne1 Ne6 35. Nc2 Nc7 36. Rb4 Nc5 37. Na3 d5 38. exd5 Nxd5 39. Rb1 Ne6 40. Nc4 Nd4 41. Ne4 Ke6 42. b6 h6 43. Be3 f5 44. Bxd4 exd4 45. Ned2 Kf6 46. Rb5 Nc3 47. Ra5 d3 48. Ra7 Rb8 49. Rc7 Ke6 50. b7 Nd5 51. Rc8 Rxb7 52. Rxf8 Nf4 53. Kh2 Ra7 54. g3 Nd5 55. Rg8 Ne7 56. Rd8 Nd5 57.
Rd6+ Ke7 58. Rxd5 1-0

[Event "GrandPrix_30.05"]
[Site "Chess.com"]
[Date "2020.05.30"]
[Round "5"]
[White "cantdefyme"]
[Black "tianachess"]
[Result "0-1"]
[WhiteElo "1910"]
[BlackElo "1994"]
[TimeControl "600+2"]
[EndTime "10:27:50 PDT"]
[Termination "tianachess won on time"]

1. e4 Nf6 2. e5 Nd5 3. d4 d6 4. Nf3 Nc6 5. c4 Nb6 6. exd6 exd6 7. Nc3 Be7 8. d5 Ne5 9. Be2 Nxf3+ 10. Bxf3 O-O 11.
Qd3 Nd7 12. O-O Ne5 13. Qe2 Re8 14. Bf4 Ng6 15. Be3 Bf5 16. Bg4 Qd7 17. Bxf5 Qxf5 18. Rfe1 Bg5 19. Qd2 Bf6 20. Bd4 Bg5 21. Qd1 Rxe1+ 22.
Qxe1 Qd3 23. Qe4 Qxc4 24. Re1 Bd2 25. Re2 Bxc3 26. bxc3 c6 27. dxc6 bxc6 28. h4 Nf8 29.
h5 c5 30. Rb2 Rd8 31. Qh4 f6 32. Bxf6 Qxh4 33. Bxh4 Re8 34. Rb7 Re1+ 35. Kh2 Re4 36. Be7 Ne6 37. Rxa7 d5 38. Rd7 d4 39. cxd4 cxd4 40.
f3 Re2 41. Bb4 Nf4 42. Rxd4 Nxg2 43. Kg3 Rxa2 44. Bd2 Ne1 45. Bxe1 Re2 46. Bf2 Re5 47. Rd7 Rxh5 48. Kg4 Rh2 49. Bd4 Rg2+ 50. Kf5 h5 51. f4 h4 0-1

[Event "GrandPrix_30.05"]
[Site "Chess.com"]
[Date "2020.05.30"]
[Round "5"]
[White "EvgenyRomanov"]
[Black "TheNextLevelFan"]
[Result "1-0"]
[WhiteElo "2231"]
[BlackElo "2300"]
[TimeControl "600+2"]
[EndTime "10:27:54 PDT"]
[Termination "EvgenyRomanov won on time"]

1. d4 d5 2. Nf3 Nf6 3. Bg5 Ne4 4. Bh4 c5 5. dxc5 Nxc5 6. Nc3 Qa5 7. Qxd5 Nc6 8. Nd4 Nb4 9. Qc4 e5 10. Qb5+ Qxb5 11.
Ndxb5 Nxc2+ 12. Kd2 Nxa1 13. Nc7+ Kd7 14. Nxa8 b6 15.
e3 Bb7 16. Bb5+ Kc8 17. Nxb6+ axb6 18. Rxa1 Bxg2 19. b4 Ne6 20. a3 g5 21. Bg3 Bg7 22.
Bc4 Kd7 23. Kc2 Bf3 24. h4 g4 25. Kb3 Rc8 26. Ra2 f5 27. Rd2+ Ke7 28. h5 f4 29.
Bh4+ Bf6 30. Bxf6+ Kxf6 31. Rd6 Re8 32. Nd5+ Bxd5 33.
Bxd5 g3 34. fxg3 fxg3 35. Rxb6 Kf5 36. Rc6 Ng5 37. Bg2 e4 38. b5 Nf3 39. a4 Ne1 40.
Bh3+ Kg5 41. Rc1 Kh4 42. Rxe1 Kxh3 43. b6 g2 44. a5 Rf8 45. Rg1 Rf1 46. Rxg2 Kxg2 47.
Ka2 Rf2+ 48. Ka3 Rf1 49. b7 Rb1 50. a6 Kf2 51. a7 Rxb7 52. a8=Q 1-0

[Event "GrandPrix_30.05"]
[Site "Chess.com"]
[Date "2020.05.30"]
[Round "5"]
[White "Murad_Ibrahimli"]
[Black "Yurovskykh_Alexander"]
[Result "1-0"]
[WhiteElo "2567"]
[BlackElo "2302"]
[TimeControl "600+2"]
[EndTime "10:27:56 PDT"]
[Termination "Murad_Ibrahimli won on time"]

1. d4 d5 2. Nf3 Nf6 3. c4 dxc4 4.
e3 e6 5. Bxc4 c5 6. O-O Nc6 7.
Qe2 cxd4 8. Rd1 Be7 9. exd4 O-O 10. Nc3 Na5 11. Bd3 b6 12. Bg5 Bb7 13. Ne5 Nd5 14. Bd2 Nxc3 15. bxc3 Nc6 16. Qe4 f5 17. Nxc6 fxe4 18.
Nxd8 Rfxd8 19. Be2 Rac8 20. a4 Bd5 21. a5 Bc4 22. Bxc4 Rxc4 23. axb6 axb6 24. Re1 e5 25. Rxe4 Bf6 26. Be3 b5 27. Rb1 exd4 28. cxd4 b4 29. g4 h6 30. Kg2 Rb8 31. Kf3 b3 32. d5 Rxe4 33. Kxe4 b2 34. Kd3 Kf7 35.
Bd4 Bxd4 36. Kxd4 Ke7 37. Ke5 Rb3 38. f4 Rb5 39. h4 Kd7 40. g5 h5 41. f5 Rb3 42. f6 g6 43. d6 Rb5+ 44. Kd4 Kxd6 45. Kc3 Ke6 46. Rxb2 Rf5 47. Re2+ Kf7 48. Kd4 Kf8 49.
Re7 Rf4+ 50. Ke5 Rxh4 51. Rg7 Rg4 52. Rxg6 h4 53. Kf5 Rg1 54. Rh6 Kf7 55. Rh7+ Kg8 56. Rxh4 Ra1 57. Kg6 Ra6 58. Rh7 Rb6 59. Rc7 1-0

[Event "GrandPrix_30.05"]
[Site "Chess.com"]
[Date "2020.05.30"]
[Round "5"]
[White "Sakkcapak"]
[Black "Mesropov_Konstantin"]
[Result "0-1"]
[WhiteElo "2155"]
[BlackElo "2327"]
[TimeControl "600+2"]
[EndTime "10:27:59 PDT"]
[Termination "Mesropov_Konstantin won by resignation"]

1. c4 e6 2. g3 d5 3. Bg2 g6 4.
Nf3 Bg7 5. O-O Ne7 6. d4 Nbc6 7. cxd5 exd5 8. Nc3 O-O 9. Bg5 Re8 10. e3 f6 11.
Bf4 g5 12. Nxg5 fxg5 13. Bxg5 Be6 14. Qb3 Qd7 15. Qxb7 Rab8 16. Qa6 Rxb2 17. Na4 Rc2 18.
Rfc1 Nb4 19. Qa5 Nec6 20. Qb5 a6 21. Qf1 Bf5 22. Nc5 Qf7 23. Rxc2 Nxc2 24. Rc1 N6b4 25. Qd1 c6 26. Qd2 a5 27. Bf4 Na3 28. Bf1 Nc4 29.
Qd1 Nxa2 30. Ra1 Nc3 31. Qc1 Ne4 32. Nxe4 Bxe4 33. Bxc4 dxc4 34. Rxa5 Bd5 35. Qd1 Qf5 36. f3 Qd3 37. Qxd3 cxd3 38. Kf2 Bf8 39. e4 Bb4 40.
Ra4 d2 41. Bxd2 Bxd2 42. exd5 cxd5 43. g4 Bf4 44. h4 Rb8 45. Ra5 Rb2+ 46. Kf1 Be3 47.
Rxd5 Rf2+ 48. Ke1 Rxf3 49. Ke2 Rh3 50. h5 h6 51. Rd6 Bg5 52. Ra6 Kf7 53. Ra7+ Ke6 54.
Ra5 Rg3 55. Re5+ Kd6 0-1

[Event "GrandPrix_30.05"]
[Site "Chess.com"]
[Date "2020.05.30"]
[Round "5"]
[White "Korchmar_Vasiliy"]
[Black "VojtechPlat"]
[Result "0-1"]
[WhiteElo "2098"]
[BlackElo "2280"]
[TimeControl "600+2"]
[EndTime "10:27:59 PDT"]
[Termination "VojtechPlat won on time"]

1. d4 d6 2. e4 Nf6 3. Nc3 e5 4. Nf3 Nbd7 5. Bc4 Be7 6. O-O O-O 7. Re1 c6 8. a4 a5 9. h3 Nb6 10. Ba2 Nfd7 11. dxe5 dxe5 12. Be3 Qc7 13. Ng5 Bxg5 14. Bxg5 Nc5 15. Be3 Ne6 16. Qh5 Nd4 17. Rad1 Nxc2 18.
Bc5 Be6 19. Bxe6 fxe6 20. Re2 Nd4 21. Bxd4 exd4 22. Rxd4 e5 23. Rd3 Nd7 24. Red2 Nc5 25. Rd6 Rae8 26. Qg4 Qf7 27. f3 Ne6 28. Ne2 g6 29. h4 Kh8 30. Qg3 Nc5 31. Nc3 Qf4 32. Qf2 Nb3 33. R2d3 Nd4 34. Rd7 Rf7 35. R3xd4 exd4 36.
Qxd4+ Kg8 37. Qc4 Kg7 38. Qd4+ Qe5 39. Rxf7+ Kxf7 40. Qd7+ Qe7 41. Qd4 Qxh4 42. Qb6 Qe7 43. Qxa5 Rd8 44. Qb6 Rd2 45. Qe3 Qd6 46. Ne2 Rd3 47. Qh6 Kg8 48. Nf4 Rd1+ 49. Kh2 Qe5 50. b3 Rd6 51. g3 Rd2+ 52. Kh3 Rd1 53. Kg4 Qe7 54. Qg5 Qd7+ 0-1

[Event "GrandPrix_30.05"]
[Site "Chess.com"]
[Date "2020.05.30"]
[Round "5"]
[White "Bengalas"]
[Black "RitvarsReimanis"]
[Result "0-1"]
[WhiteElo "2197"]
[BlackElo "2162"]
[TimeControl "600+2"]
[EndTime "10:28:10 PDT"]
[Termination "RitvarsReimanis won by resignation"]

1. d4 Nf6 2. c4 e6 3. Nc3 d5 4. cxd5 exd5 5. Bg5 c6 6. e3 Be7 7. Qc2 Nbd7 8. Bd3 O-O 9. Nge2 Re8 10. O-O-O Nf8 11. Kb1 Ng6 12. h3 Ne4 13. Bxe7 Qxe7 14. Bxe4 dxe4 15. g4 Be6 16. Qxe4 Bxa2+ 17. Kxa2 Qxe4 18.
Nxe4 Rxe4 19. Ng3 Re6 20. Rc1 Rae8 21. Kb3 Rf6 22. Rhf1 Rf3 23. Rc3 Nh4 24. Kc2 g6 25.
e4 Rd8 26. Ne2 Kf8 27. Kd2 Re8 28. Rxf3 Nxf3+ 29. Ke3 Ng5 30. f3 f6 31. h4 Nf7 32.
Ra1 a6 33. Nc3 Nd6 34. Kd3 Ke7 35. Rh1 Rd8 36. g5 Nf7 37. gxf6+ Kxf6 38. Ke3 Ke6 39. Rg1 Nd6 40. b3 Ne8 41. Na4 Kf7 42. Nc5 Nd6 43. Rd1 Ra8 44. e5 Nf5+ 45. Ke4 b6 46. Na4 b5 47. Nc5 Ne7 48. h5 Nd5 49. hxg6+ hxg6 50.
Rh1 Kg7 51. f4 a5 52. Ne6+ Kf7 53. Ng5+ Kg8 54. f5 gxf5+ 55. Kxf5 a4 56. bxa4 bxa4 57. Ne4 a3 58. Kg6 a2 59. Ra1 Kf8 60. Nf6 Ke7 61. Ne4 Nb4 62. Nc3 Ke6 63. Kg5 Ra3 64. Ne4 Nc2 65.
Nc5+ Kd5 0-1

[Event "GrandPrix_30.05"]
[Site "Chess.com"]
[Date "2020.05.30"]
[Round "5"]
[White "Matibar"]
[Black "Sanan_Sjugirov"]
[Result "1/2-1/2"]
[WhiteElo "2632"]
[BlackElo "2691"]
[TimeControl "600+2"]
[EndTime "10:28:14 PDT"]
[Termination "Game drawn by repetition"]

1. e4 c5 2. Nf3 d6 3. d4 cxd4 4.
Nxd4 Nf6 5. Nc3 g6 6. g3 Nc6 7. Nde2 Bd7 8. Bg2 Bg7 9. h3 h5 10. Be3 Qc8 11. f4 b5 12. Qd2 b4 13. Nd5 Nxd5 14. exd5 Na5 15. Qxb4 Nc4 16. Bd4 Bxd4 17. Nxd4 Ne3 18. Be4 f5 19. Qb3 fxe4 20. Qxe3 Qc4 21.
Qxe4 Bf5 22. Qe3 Qxd5 23. O-O-O Qxa2 24. Rde1 O-O 25. g4 Qa1+ 26. Kd2 Qa5+ 27. c3 Rab8 28. gxf5 Rxb2+ 29. Nc2 Qxf5 30. Qe6+ Qxe6 31. Rxe6 Rxf4 32. Kd3 Kf7 33. Re2 Rf3+ 34. Ne3 Rb5 35. Rf1 Rxf1 36. Nxf1 a5 37. Ne3 g5 38. Ra2 Kg6 39. c4 Rb3+ 40.
Ke4 Rb1 41. Rxa5 Rh1 42. Ra7 Rxh3 43. Rxe7 Rh4+ 44. Kd5 Rf4 45. Re6+ Kg7 46. Kxd6 h4 47. c5 h3 48. Nd5 Rf1 49. Re2 g4 50. c6 g3 51. c7 Rc1 52. Re3 g2 53. Rg3+ Kf7 54. Rf3+ Kg7 55. Rg3+ Kf7 56. Rf3+ Kg7 57. Rg3+ 1/2-1/2

[Event "GrandPrix_30.05"]
[Site "Chess.com"]
[Date "2020.05.30"]
[Round "5"]
[White "Anton_Demchenko"]
[Black "GadimbayliA"]
[Result "0-1"]
[WhiteElo "2614"]
[BlackElo "2559"]
[TimeControl "600+2"]
[EndTime "10:28:18 PDT"]
[Termination "GadimbayliA won by checkmate"]

1. d4 d5 2. Nf3 Nc6 3. c4 Bg4 4.
cxd5 Bxf3 5. gxf3 Qxd5 6. e3 e6 7. Nc3 Qd7 8. f4 Nf6 9. Bg2 g6 10. O-O Bg7 11. Bd2 O-O 12. Rc1 Ne7 13. Na4 c6 14. Bb4 Rfe8 15. Bxe7 Qxe7 16. Nc5 Nd5 17. Qg4 Rad8 18. a3 h5 19. Qf3 b6 20. Nd3 c5 21.
dxc5 bxc5 22. Rfd1 Nb6 23. Qe4 Rd7 24. Ne5 Rxd1+ 25.
Rxd1 Rd8 26. Rc1 Rd2 27. b3 Qd6 28. Bf3 Rxf2 29. Kxf2 Qd2+ 30. Be2 Qxc1 31. Nc4 Nd5 32.
Qd3 Qh1 33. Kg3 h4+ 34. Kh3 Bh6 35. Qd2 Qe4 36. Bg4 f5 37. Bd1 g5 38. Nd6 Qxe3+ 39.
Qxe3 Nxe3 40. fxg5 Bf8 41. Nc8 Nxd1 42. Nxa7 c4 43.
bxc4 Bxa3 44. Kxh4 Ne3 45. Nb5 Bc5 46. Nc7 Kf7 47. Na6 Be7 48. c5 Nd5 49. c6 Bd6 50.
Kh5 Kg7 51. h3 Nf4+ 52. Kh4 Ng6+ 53. Kh5 Nf4+ 54. Kh4 Nd5 55. Kh5 Kh7 56. g6+ Kg7 57. Kg5 Be7+ 58. Kh5 Nf4# 0-1

[Event "GrandPrix_30.05"]
[Site "Chess.com"]
[Date "2020.05.30"]
[Round "5"]
[White "arminmusovic"]
[Black "GM_dmitrij"]
[Result "1/2-1/2"]
[WhiteElo "2281"]
[BlackElo "2449"]
[TimeControl "600+2"]
[EndTime "10:28:18 PDT"]
[Termination "Game drawn by repetition"]

1. a3 e5 2. Nc3 Nf6 3. d4 e4 4.
Bg5 d5 5. Bxf6 gxf6 6. e3 Be6 7.
Nh3 Bxh3 8. gxh3 c6 9. Qh5 Nd7 10. h4 Bd6 11. Bh3 Qe7 12. O-O-O O-O-O 13. Kb1 Kb8 14. Bxd7 Qxd7 15. f3 f5 16. fxe4 fxe4 17. Rdf1 Qh3 18. Nd1 Rdf8 19. Qh6 Bc7 20. Rf6 Bd8 21.
Rf4 Qe6 22. Qg7 Qg6 23. Rg1 Qxg7 24. Rxg7 f5 25. h5 Bc7 26. Rf2 f4 27. exf4 Rxf4 28.
h6 e3 29. Rfg2 Rf1 30. Ka2 Rxd1 31. Rg8+ Rxg8 32. Rxg8+ Bd8 33. Rxd8+ Kc7 34. Re8 Rxd4 35. Rxe3 Kd6 36. Rg3 Rh4 37. Rg7 Rxh6 38. Rxb7 a5 39. Ra7 Rxh2 40. c3 h5 41. Rxa5 h4 42. Ra8 h3 43. a4 Rg2 44. Rh8 h2 45. Ka3 Kc5 46. Rh4 Re2 47. b4+ Kb6 48. Kb3 Rd2 49. a5+ Kb5 50. Rh5 c5 51. bxc5 Kxa5 52. c6 Kb6 53.
Rh6 Re2 54. Kb4 Rb2+ 55. Ka3 Rg2 56. Kb4 Rd2 57. Kb3 Re2 58. Ka3 Rg2 59. Kb3 Rf2 60. Ka3 Rg2 1/2-1/2

[Event "GrandPrix_30.05"]
[Site "Chess.com"]
[Date "2020.05.30"]
[Round "5"]
[White "Tyoma88888"]
[Black "2346PL"]
[Result "0-1"]
[WhiteElo "2086"]
[BlackElo "2086"]
[TimeControl "600+2"]
[EndTime "10:28:20 PDT"]
[Termination "2346PL won by resignation"]

1. e4 c5 2. Nc3 e6 3. Nge2 d5 4. exd5 exd5 5. d4 c4 6. g3 Nf6 7.
Bg2 h6 8. O-O Bb4 9. Nf4 Bxc3 10. bxc3 O-O 11. Nh5 Be6 12. Rb1 b6 13. Qf3 Nbd7 14.
Nxf6+ Nxf6 15. h3 Re8 16. Re1 Ne4 17. Bf4 Qf6 18. Qe3 Bf5 19. Be5 Qc6 20. g4 Bg6 21. Qf3 Nd2 22. Qxd5 Qxd5 23. Bxd5 Rad8 24. Bc6 Re6 25.
Rbd1 Rxc6 26. Rxd2 Rd5 27. Bg3 Re6 28. f4 Rxe1+ 29.
Bxe1 Be4 30. Re2 f5 31. gxf5 Bxf5 32. Re5 Rxe5 33. dxe5 Bxh3 34. Kf2 Kf7 35. Ke3 Ke6 36. Kd4 Kf5 37. Bd2 Bg2 38. Kxc4 h5 39. Kd4 h4 40. Be1 Kg4 41. Bxh4 Kxh4 42. f5 Kg5 43. f6 gxf6 44.
exf6 Kxf6 45. c4 Bc6 46. c5 Ke6 47. c4 Ba4 48. a3 Kd7 49. Kd5 Kc7 50. cxb6+ axb6 51. c5 b5 52. c6 Kb6 53. Kd6 Bd1 54. c7 Bg4 55. Kd5 Bc8 56. Kd4 Ka5 57. Kc3 Ka4 58. Kb2 Be6 59. c8=Q Bxc8 60. Ka2 Be6+ 61. Kb2 Bd5 62.
Kc3 Kxa3 0-1

[Event "GrandPrix_30.05"]
[Site "Chess.com"]
[Date "2020.05.30"]
[Round "5"]
[White "OhanyanEminChess"]
[Black "chessdjw"]
[Result "1/2-1/2"]
[WhiteElo "2082"]
[BlackElo "2152"]
[TimeControl "600+2"]
[EndTime "10:28:28 PDT"]
[Termination "Game drawn by agreement"]

1. e4 e5 2. Nf3 Nc6 3. Bc4 Bc5 4.
O-O Nf6 5. d3 d6 6. h3 a6 7. c3 Ba7 8. Be3 Bxe3 9. fxe3 O-O 10. Nbd2 Ne7 11. Qe1 Ng6 12. Qg3 c6 13. Bb3 a5 14.
Rf2 a4 15. Bc2 Qe7 16. Raf1 Nh5 17. Qg5 Qxg5 18. Nxg5 Ng3 19. Re1 h6 20. Ngf3 Be6 21. a3 f5 22. d4 f4 23. exf4 Nxf4 24. dxe5 dxe5 25. Nxe5 g5 26. Nf1 Nxf1 27. Rexf1 Rfd8 28. Nf3 c5 29. Kh2 Bc4 30. Re1 Bd3 31. Ne5 Bxc2 32. Rxc2 Re8 33. Nd7 Re7 34. Nxc5 b6 35. g3 bxc5 36.
gxf4 gxf4 37. Kg2 Rd8 38. Kf3 Rd3+ 39. Kxf4 Rxh3 40. e5 Kf7 41. Rd2 Rh4+ 42. Kf5 Rh5+ 43. Kf4 Rb7 44. Rd6 Rxb2 45. Ke4 Ke7 46. Kd5 Rd2+ 47. Kc6 Rc2 48. e6 Rhh2 49. Rd7+ Ke8 50.
e7 Rhe2 51. Rh1 Re6+ 52. Rd6 Rxe7 53. Kxc5 Rxc3+ 54. Kb4 Rb3+ 55. Kxa4 Rb2 56. Rhxh6 Ra7+ 57. Ra6 Rxa6+ 58. Rxa6 Kd7 59. Ka5 Kc7 60. Rh6 Kb7 61. a4 Ka7 62. Rh7+ Rb7 63. Rh4 Rg7 64. Rh5 Rf7 65. Rg5 Rh7 66. Rf5 Rg7 67. Rh5 Rf7 68. Rc5 Rh7 69. Rc4 Rh5+ 70. Kb4 Rh6 71. Rg4 Ka6 72.
a5 Rd6 73. Rg8 Rd4+ 74. Kc5 Rd1 75. Ra8+ Kb7 76. Rh8 Ka6 77. Ra8+ 1/2-1/2

[Event "GrandPrix_30.05"]
[Site "Chess.com"]
[Date "2020.05.30"]
[Round "5"]
[White "Nitzan_Steinberg"]
[Black "MaxVavulin"]
[Result "1/2-1/2"]
[WhiteElo "2436"]
[BlackElo "2256"]
[TimeControl "600+2"]
[EndTime "10:28:35 PDT"]
[Termination "Game drawn by repetition"]

1. e4 e5 2. Nf3 Nc6 3. Bb5 a6 4. Ba4 Nf6 5. O-O Be7 6. Re1 b5 7. Bb3 O-O 8. a4 b4 9. a5 d6 10. c3 Rb8 11. Bc4 Bb7 12. d4 bxc3 13. Nxc3 exd4 14. Nxd4 Nxd4 15. Qxd4 Nxe4 16. Nxe4 d5 17. Bh6 gxh6 18. Re3 dxc4 19. Rg3+ Bg5 20. Nf6+ Kh8 21. Nd7+ f6 22. Rd1 Re8 23. h4 Re4 24. Qa7 Bxh4 25.
Rh3 Rg4 26. Qxb8 Rxg2+ 27. Kh1 Qxb8 28. Nxb8 Rxf2+ 29. Kg1 Rg2+ 30. Kf1 Bg5 31. b3 Rb2 32. Rc3 Rxb3 33. Rxc4 Kg7 34. Rxc7+ Kg6 35. Nd7 Rb2 36. Rd4 Bg2+ 37. Ke1 Ra2 38. Nf8+ Kh5 39. Rc5 Bf3 40. Nxh7 Kg6 41. Nxg5 hxg5 42. Rd6 Re2+ 43. Kf1 g4 44.
Rcc6 Bxc6 45. Kxe2 Bb5+ 46. Kf2 Kg5 47. Kg3 f5 48.
Rd5 Bc6 49. Rc5 Be4 50. Re5 Bf3 51. Rc5 Be4 52. Re5 Bd3 53. Rd5 Bc4 54. Rc5 Bd3 55. Rd5 Be4 56. Rc5 Bf3 57. Re5 Bc6 58. Rc5 Bb7 59.
Re5 Be4 60. Rc5 Bf3 61. Re5 Be4 62. Rc5 1/2-1/2